 Dungeon Crawl Stone Soup version 0.16-a0-3197-g5046a99 (webtiles) character file.

205 Chiseanne the Magician (level 6, 0/35 HPs)
             Began as a Kobold Transmuter on Dec 18, 2014.
             Succumbed to a worker ant's poison
             ... on level 4 of the Dungeon.
             The game lasted 00:11:03 (3094 turns).

Chiseanne the Magician (Kobold Transmuter)          Turns: 3094, Time: 00:11:03

Health: 0/35       AC:  6    Str: 10    XL:     6   Next: 10%
Magic:  8/13       EV: 21    Int: 11    God:
Gold:   108        SH:  0    Dex: 22    Spells: 2 memorised, 5 levels left

rFire  + . .     SeeInvis +     c - +2 dagger (freeze)
rCold  . . .     Clarity  .     j - +0 leather armour
rNeg   . . .     SustAb   .     (no shield)
rPois  .         Gourm    .     (no helmet)
rElec  .         Spirit   +     n - +0 cloak
rCorr  .         Warding  .     f - +1 pair of gloves
rMut   .         Stasis   .     (no boots)
MR     .....                    p - amulet of guardian spirit
Stlth  +++.......               s - ring of protection from fire
                                l - ring of see invisible

@: agile, lethally poisoned, very slightly contaminated, invisible, not
resistant to hostile enchantments, fairly stealthy
A: carnivore 3
a: no special abilities


You were on level 4 of the Dungeon.
You were very full.

You visited 1 branch of the dungeon, and saw 4 of its levels.

You collected 108 gold pieces.

Inventory:

Hand weapons
 c - a +2 dagger of freezing (weapon)
 u - a +0 blowgun
Missiles
 b - 12 arrows
 e - 10 poisoned arrows
 h - 18 sling bullets
 t - 15 poisoned needles
Armour
 f - a +1 pair of gloves (worn)
 j - a +0 leather armour (worn)
 n - a +0 cloak (worn)
Jewellery
 l - a ring of see invisible (left hand)
 p - an amulet of guardian spirit (around neck)
 s - a ring of protection from fire (right hand)
Scrolls
 r - a scroll of remove curse
Potions
 g - 2 potions of restore abilities
 q - a potion of brilliance
Books
 d - a book of Changes

   Spells                             Type                      Level
   a - Beastly Appendage              Transmutation                1
   b - Sticks to Snakes               Transmutation                2
   c - Spider Form                    Transmutation/Poison         3
   d - Ice Form                       Ice/Transmutation            4
   e - Blade Hands                    Transmutation                5
Comestibles
 a - 4 meat rations
 o - a beef jerky


   Skills:
 * Level 2.0 Fighting
 * Level 1.5 Armour
 - Level 3.2 Dodging
 - Level 3.0 Unarmed Combat
 * Level 3.3 Spellcasting
 * Level 3.3 Transmutations


You had 5 spell levels left.
You knew the following spells:

 Your Spells              Type           Power        Failure   Level  Hunger
a - Beastly Appendage     Trmt           #.....       10%         1    #......
b - Blade Hands           Trmt           #.........   99%         5    ######.


Dungeon Overview and Level Annotations

Branches:
Dungeon (4/15)
 Temple: D:4-7

Altars:
Elyvilon


Innate Abilities, Weirdness & Mutations

You are small and have problems with some larger weapons.
You are carnivorous and can eat meat at any time.


Message History

* * * LOW HITPOINT WARNING * * *
You feel sick.
This spell is very dangerous to cast!
Memorise Ice Form, consuming 4 spell levels and leaving 1?
Your memorisation is interrupted.
* * * LOW HITPOINT WARNING * * *
You feel sick.
This spell is very dangerous to cast!
Memorise Ice Form, consuming 4 spell levels and leaving 1?
Your talons disappear.
You start memorising the spell.
You continue memorising.
Your memorisation is interrupted.
* * * LOW HITPOINT WARNING * * *
You feel sick.
This spell is very dangerous to cast!
Memorise Ice Form, consuming 4 spell levels and leaving 1?
You start memorising the spell.
You continue memorising.
You continue memorising.
Your memorisation is interrupted.
You die...

#.# ####.############
...#.#..........#
.#.....########.#
......## #.# #......#
#.# ..#...## #.# ####.##
#.##### #)# #.@...# #(#
#.###.# ##'## #..##.#
##...## #.....#
##.....## ###.####
#.......## ##.#.#
.........####....####
.........'.........>....
.........####....#####.


There were no monsters in sight!

Vanquished Creatures
  An iguana (D:4)
  A worker ant (D:4)
  3 adders
  2 giant mites
  4 worms
  2 giant geckos
  An ooze (D:1)
  9 orcs (D:3)
  3 ball pythons
  6 giant cockroaches
  11 goblins
  11 hobgoblins
  4 jackals (D:2)
  6 kobolds
  8 bats
  4 giant newts
  A quokka (D:3)
  4 rats
81 creatures vanquished.

Notes
Turn   | Place    | Note
--------------------------------------------------------------
     0 | D:1      | Chiseanne, the Kobold Transmuter, began the quest for the Orb.
     0 | D:1      | Reached XP level 1. HP: 12/12 MP: 3/3
   169 | D:1      | Reached XP level 2. HP: 12/16 MP: 2/4
   685 | D:1      | Reached XP level 3. HP: 13/20 MP: 3/6
  1381 | D:2      | Reached XP level 4. HP: 20/25 MP: 6/8
  1426 | D:2      | Found a white marble altar of Elyvilon.
  2176 | D:3      | Reached XP level 5. HP: 26/29 MP: 9/11
  2189 | D:3      | Learned a level 5 spell: Blade Hands
  2273 | D:3      | Reached skill level 1 in Armour
  3084 | D:4      | Reached XP level 6. HP: 5/35 MP: 7/13
  3091 | D:4      | HP: 1/35 [poisoned by a worker ant]
  3094 | D:4      | Succumbed to a worker ant's poison

Action                   |  1- 3 |  4- 6 || total
-------------------------+-------+-------++-------
Melee: Unarmed           |   101 |     2 ||   103
       Dagger            |       |   209 ||   209
 Cast: Beastly Appendage |    27 |    25 ||    52
  Use: Scroll            |     7 |     2 ||     9
       Potion            |       |     2 ||     2
 Stab: Sleeping          |       |     2 ||     2
  Eat: Chunk             |     5 |    11 ||    16
